 Dungeon Crawl Stone Soup version 0.17-a0-1150-g17b0b87 (webtiles) character file.

70 ewhitman the Digger (level 4, 0/24 HPs)
             Began as a Gargoyle Earth Elementalist on May 27, 2015.
             Slain by Terence
             ... wielding a +0 hand axe
              (2 damage)
             ... on level 1 of the Dungeon.
             The game lasted 00:11:41 (2114 turns).

ewhitman the Digger (Gargoyle Earth Elementalist)   Turns: 2114, Time: 00:11:41

Health: 0/24       AC:  5    Str: 16    XL:     4   Next: 22%
Magic:  4/9        EV: 12    Int: 17    God:
Gold:   67         SH:  0    Dex: 10    Spells: 3 memorised, 3 levels left

rFire  . . .     SeeInvis .     e - -3 whip (curse)
rCold  . . .     Clarity  .     b - +0 robe
rNeg   + . .     SustAt   .     (no shield)
rPois  ∞         Gourm    .     (no helmet)
rElec  +         Spirit   .     (no cloak)
rCorr  .         Warding  .     (no gloves)
rMut   .         Stasis   .     (no boots)
MR     .....                    (no amulet)
Stlth  ++........               (no ring)
                                (no ring)

@: mighty, very slightly contaminated, not resistant to hostile enchantments,
unstealthy
A: negative energy resistance 1, electricity resistance, unbreathing,
petrification resistance, rot immunity, AC +3
a: no special abilities


You were on level 1 of the Dungeon.
You were very hungry.

You visited 1 branch of the dungeon, and saw 2 of its levels.

You collected 67 gold pieces.

Inventory:

Hand weapons
 e - a cursed -3 whip (weapon)
 j - a +4 dagger
Missiles
 a - 70 stones (quivered)
Armour
 b - a +0 robe (worn)
Jewellery
 g - an uncursed ring of flight {unknown}
Potions
 f - a potion of curing {unknown}
 h - a potion of heal wounds {unknown}
 i - a potion of might
Books
 c - a book of Geomancy

   Spells                             Type                      Level
   a - Sandblast                      Earth                        1
   b - Stoneskin                      Transmutation/Earth          2
   c - Passwall                       Transmutation/Earth          3
   d - Stone Arrow                    Conjuration/Earth            3
   e - Petrify                        Transmutation/Earth          4
   f - Lee's Rapid Deconstruction     Earth                        5
Comestibles
 d - 3 bread rations
 k - 3 fruits


   Skills:
 - Level 1.5 Dodging
 - Level 2.1 Stealth
 * Level 3.3 Spellcasting
 + Level 0.9 Conjurations
 - Level 0.7 Transmutations
 + Level 4.4 Earth Magic


You had 3 spell levels left.
You knew the following spells:

 Your Spells              Type           Power        Failure   Level  Hunger
a - Sandblast             Erth           ###...       2%          1    None
b - Stoneskin             Trmt/Erth      ##......     12%         2    ##.....
c - Stone Arrow           Conj/Erth      ##....       17%         3    ###....


Dungeon Overview and Level Annotations

Branches:
Dungeon (2/15)

Altars:
Okawaru
Qazlal
Yredelemnul

Annotations:
D:1 Terence


Innate Abilities, Weirdness & Mutations

You are resistant to torment.
Your stone body is resilient (AC +3).
You are immune to poison.
You resist negative energy.
You are resistant to electric shocks.
You can survive without breathing.
You are immune to petrification.
You are immune to rotting.


Message History

Aim: Terence, wielding a hand axe and wearing a shiny scale mail The blast of sand hits Terence.
Terence screams, "I'm going to kill you!"
Terence barely misses you.
It was a potion of might.
You feel very mighty all of a sudden.
You hit Terence.
Terence is moderately wounded.
Terence hits you with a hand axe.
* * * LOW HITPOINT WARNING * * *
You hit Terence but do no damage.
Terence is moderately wounded.
Terence barely misses you.
You barely miss Terence.
Terence is moderately wounded.
Terence closely misses you.
You hit Terence.
Terence is heavily wounded.
Terence hits you with a hand axe.
You die...

###.###.....# #.# ##.#.#####
#.#.........###.## #.###...).
...####[##.......# ##.#.#####
....# #.##.##.##.# ##.## #
...####.##.##.##.# #.# #
........##.##.##.# #.#
#.########.##....# #.# #.#
#.####.@# #.# #'## #.####.@# #.#
...## #.......# #.# # ....##
######.## ######.# ## .....##
##.###.# #...#..# ##.
..)...####...##.#####....).####..
......'.......................'..
......####...##.######.#...####..
.....## ##.###.# #.##.## ##.
.>..## #.....# #.#### ##


You could see Terence.

Vanquished Creatures
  3 adders (D:2)
  2 giant geckos (D:1)
  2 giant cockroaches (D:1)
  8 goblins
  6 hobgoblins
  2 jackals (D:1)
  A ball python (D:1)
  3 bats (D:1)
  A giant newt (D:1)
  9 kobolds
  4 rats (D:1)
41 creatures vanquished.

Notes
Turn   | Place    | Note
--------------------------------------------------------------
     0 | D:1      | ewhitman the Gargoyle Earth Elementalist began the quest for the Orb.
     0 | D:1      | Reached XP level 1. HP: 10/10 MP: 3/3
   255 | D:1      | Reached XP level 2. HP: 15/15 MP: 0/5
   309 | D:1      | Learned a level 2 spell: Stoneskin
   985 | D:1      | Reached XP level 3. HP: 19/19 MP: 4/7
   986 | D:1      | Reached skill level 4 in Earth Magic
  1556 | D:2      | Learned a level 3 spell: Stone Arrow
  1591 | D:2      | Found a stormy altar of Qazlal.
  1594 | D:2      | Found an iron altar of Okawaru.
  1719 | D:2      | Found an iron altar of Okawaru.
  1733 | D:2      | Reached XP level 4. HP: 15/24 MP: 4/8
  1881 | D:2      | Found a basalt altar of Yredelemnul.
  1881 | D:2      | Noticed Terence
  2114 | D:1      | Slain by Terence

Vault maps used:
D:1:      lightli_arrival_windingriver, minmay_unequal
D:2:      old_standard_altar, grunt_temple_overflow_open, serial_forest,
          infiniplex_forest_lined_room_, infiniplex_forest_corner_1,
          infiniplex_forest_straight_2, infiniplex_forest_clump_cross,
          infiniplex_forest_clump_small, infiniplex_forest_corner_1,
          okawaru_trees_1, uniq_terence, uniq_natasha

Action                   |  1- 3 |  4- 6 || total
-------------------------+-------+-------++-------
Melee: Whip              |    79 |     9 ||    88
 Cast: Sandblast         |    49 |    29 ||    78
  Use: Potion            |       |     1 ||     1
 Stab: Sleeping          |     1 |       ||     1
  Eat: Chunk             |     3 |       ||     3
